 Dungeon Crawl Stone Soup version 0.12.3 (webtiles) character file.

2038107 CodaKJazz the Apostle (level 27, 274/274 (275) HPs)
             Began as a Hill Orc Priest on June 24, 2023.
             Was a High Priest of Beogh.
             Escaped with the Orb
             ... and 4 runes on June 28, 2023!
             The game lasted 07:16:31 (85942 turns).

CodaKJazz the Apostle (Hill Orc Priest)            Turns: 85942, Time: 07:16:31

HP 274/274 (275) AC 24     Str 30      XL: 27
MP  51/53        EV 27     Int 14      God: Beogh [*****.]
Gold 1299        SH 31     Dex 18      Spells:  8 memorised, 11 levels left

Res.Fire  : + + .   See Invis. : +   a - +10,+6 mithril axe "Arga" {speed, MR Str+2 Res.Cold : + + . Warding : . j - +5 scale mail of the Heron {Acc+4 Dam+4} Life Prot.: + . . Conserve : + y - -7 shield of Indemnity {rF+ Dex-1 Dam+6}
Res.Poison: .       Res.Corr.  : .   R - -1 helmet of Spring {rC++ Str+3 Dex+3}
Res.Elec. : +       Clarity    : .   L - +3 cloak of Flash {+Fly EV+4}
Sust.Abil.: . .     Spirit.Shd : .   E - +1 pair of gauntlets
Res.Mut.  : .       Stasis     : .   o - +2 pair of boots of the Assassin {+Inv Dex Res.Rott. : . Ctrl.Telep.: x S - amulet of Perfectionism {Cons +Fly rF+ MR Saprovore : + . . Flight : . Q - ring "Ismanyloof" {rElec rN+ MP+9 SInv Cur u - ring of Teskyllo {MR MP+9 Int+2 Dam+6}

@: very slightly contaminated, hasted, very quick, uncannily resistant to
hostile enchantments, unstealthy
A: walk on water, -10% mp, saprovore 1, screaming 1
a: Smiting, Recall Orcish Followers, Renounce Religion, Evoke Invisibility,
Evoke Flight
}: 4/15 runes: serpentine, barnacled, slimy, silver


You escaped.
You worshipped Beogh.
Beogh was exalted by your worship.
You were full.

You visited 10 branches of the dungeon, and saw 69 of its levels.
You visited 1 bazaar.
You also visited: Labyrinth.

You collected 7981 gold pieces.
You spent 6702 gold pieces at shops.

Inventory:

Hand weapons
 a - the +10,+6 mithril axe "Arga" (weapon) {speed, MR Str+2}
   (You took it off Wiglaf on level 17 of the Dungeon)

   Attacks with this weapon take half as long, but cause slightly less damage.
   It affects your strength (+2).
   It affects your resistance to hostile enchantments.
 b - a +0 orcish blowgun
 w - the +12,+15 obsidian axe {chop, +Fly Str+3 SInv Curse}
   (You found it on level 6 of the Pits of Slime)

   It inflicts extra damage upon your enemies.
   It affects your strength (+3).
   It enhances your eyesight.
   It lets you fly.
   It may recurse itself.
Missiles
 q - 12 curare-tipped needles
 v - 4 javelins of penetration (quivered)
 J - 5 throwing nets
Armour
 j - the +5 scale mail of the Heron (worn) {Acc+4 Dam+4}
   (You found it on level 5 of the Vaults)

   It affects your accuracy (+4).
   It affects your damage-dealing abilities (+4).
 o - the +2 pair of boots of the Assassin (worn) {+Inv Dex+3 Stlth++}
   (You bought it in a shop on level 2 of the Vaults)

   It affects your dexterity (+3).
   It lets you turn invisible.
   It makes you much more stealthy.
 y - the -7 shield of Indemnity (worn) {rF+ Dex-1 Dam+6}
   (You found it on level 6 of the Pits of Slime)

   It affects your dexterity (-1).
   It affects your damage-dealing abilities (+6).
   It protects you from fire.
 E - a +1 pair of gauntlets (worn)
 L - the +3 cloak of Flash (worn) {+Fly EV+4}
   (You found it in a labyrinth)

   It affects your evasion (+4).
   It lets you fly.
 R - the -1 helmet of Spring (worn) {rC++ Str+3 Dex+3}
   (You found it on level 1 of the Realm of Zot)

   It affects your strength (+3).
   It affects your dexterity (+3).
   It greatly protects you from cold.
Magical devices
 d - a wand of digging (4)
 i - a wand of lightning (3)
 n - a wand of hasting (1)
 C - a wand of disintegration (5)
 G - a wand of teleportation (5)
 M - a wand of teleportation (6)
 P - a wand of magic darts (21)
 X - a wand of heal wounds (4)
Comestibles
 f - 7 honeycombs
Scrolls
 c - 2 scrolls of enchant weapon I
 A - 3 scrolls of remove curse
 H - 3 scrolls of blinking
 Y - 3 scrolls of teleportation
 Z - 3 scrolls of identify
Jewellery
 h - an uncursed amulet of resist mutation
 k - an uncursed amulet of resist corrosion
 r - the ring "Ohadulurgh" {SustAb -Tele, sTaSiS?!}
   (You found it on level 8 of the Lair of Beasts)

   [ring of sustain abilities]

   It prevents most forms of teleportation.
 u - the ring of Teskyllo (left hand) {MR MP+9 Int+2 Dam+6}
   (You found it on level 6 of the Pits of Slime)

   [ring of magical power]

   It affects your intelligence (+2).
   It affects your damage-dealing abilities (+6).
   It affects your resistance to hostile enchantments.
 Q - the ring "Ismanyloof" (right hand) {rElec rN+ MP+9 SInv Curse}
   (You bought it in a shop on level 20 of the Dungeon)

   [ring of magical power]

   It insulates you from electricity.
   It protects you from negative energy.
   It enhances your eyesight.
   It may recurse itself.
 S - the amulet of Perfectionism (around neck) {Cons +Fly rF+ MR Stlth++}
   (You bought it in a shop on level 5 of the Snake Pit)

   [amulet of conservation]

   It protects you from fire.
   It affects your resistance to hostile enchantments.
   It lets you fly.
   It makes you much more stealthy.
Potions
 e - 5 potions of magic
 g - 10 potions of curing
 l - 4 potions of resistance
 m - 4 potions of might
 s - 2 potions of invisibility
 t - 3 potions of speed
 I - 4 potions of berserk rage
 O - 6 potions of restore abilities
 T - a potion of cure mutation
 U - 3 potions of heal wounds
 W - 6 potions of brilliance
Orbs of Power
 p - the Orb of Zot
Miscellaneous
 K - a box of beasts


   Skills:
 O Level 27 Fighting
 + Level 22.2 Axes
 - Level 6.9 Throwing
 - Level 9.5 Armour
 - Level 17.8 Dodging
 - Level 24.1 Shields
 - Level 7.0 Traps
 O Level 27 Invocations
 - Level 8.1 Evocations


You had 11 spell levels left.
You knew the following spells:

 Your Spells              Type           Power        Failure   Level  Hunger
a - Fire Brand            Chrm/Fire      #.........   98%         2    ###....
b - Freezing Aura         Chrm/Ice       #.........   98%         2    ###....
c - Apportation           Tloc           #.........   91%         1    ##.....
d - Summon Butterflies    Summ           #........    91%         1    ##.....
e - Stoneskin             Trmt/Erth      #.........   98%         2    ###....
f - Repel Missiles        Chrm/Air       #.........   98%         2    ###....
g - Shroud of Golubria    Chrm/Tloc      #.........   98%         2    ###....
h - Regeneration          Chrm/Necr      #.........   100%        3    ####...


Dungeon Overview and Level Annotations

Branches:
Dungeon (27/27)            Temple (0/1) D:5             Orc (4/4) D:9
    Elf (3/3) Orc:4          Lair (8/8) D:8          Shoals (5/5) Lair:5
  Snake (5/5) Lair:3        Slime (6/6) Lair:7       Vaults (5/5) D:17
  Blade (1/1) Vaults:4        Zot (5/5) D:27
  Crypt: Vaults:2-3

Altars:
Ashenzari
Cheibriados
Elyvilon
Fedhas
Kikubaaqudgha
Sif Muna
Trog
Zin
the Shining One
Beogh

Shops:
D:5: * D:12: ( D:18: + D:20: *= Orc:1: [ Orc:4: %%[?( Elf:3: = Snake:4: % Snake:5: += Vaults:2: +[ Vaults:3: =

Portals:
Hell: D:21 D:22 D:23 D:24 D:26 D:27
Abyss: D:25 D:27
Pandemonium: D:21 D:24 D:27

Annotations
D:1 Nergalle
D:4 exclusion: upstairs
D:10 exclusion: upstairs
D:13 exclusions: door and oklob plant
D:16 exclusion: 2 downstairs
Elf:1 exclusion: downstairs
Lair:4 exclusion: downstairs
Shoals:5 exclusion: oklob plant
Slime:6 exclusion: upstairs


Innate Abilities, Weirdness & Mutations

You can walk on water.
You can tolerate rotten meat.
Your magical capacity is low (-10% MP).
You occasionally shout uncontrollably.


Message History

Okay, then.
Evoke which item? (* to show all) (? for menu, Esc to quit)
Okay, then.
Drink which item? (? for menu, Esc to quit)
Okay, then.
Evoke which item? (* to show all) (? for menu, Esc to quit)
That item cannot be evoked!
Evoke which item? (* to show all) (? for menu, Esc to quit)
You open the lid... ...and something leaps out!
Evoke which item? (* to show all) (? for menu, Esc to quit)
You open the lid... ...and something leaps out!
Evoke which item? (* to show all) (? for menu, Esc to quit)
You open the lid... ...but nothing happens.
Drink which item? (? for menu, Esc to quit)
You feel yourself speed up.
Use which ability? (? or * to list)
You begin recalling your allies.
You feel slightly less full.
Borgun is recalled.
Zorug is recalled.
Bogric is recalled.
Marbork is recalled.
You have escaped!

....#...# ##.............# #.#
....#...# #o.#..##..####.# #.#
....#...###o###o###.####.# #.#
....#...#....o'.#.....##.# #.#
....#...#'#.#'#####.#'##.# #.#
....###.'.#.#oooo.#.#....#####.#
..#######.#.#oooo.#.#.#.>......#
..#....##.###oooot###.#..#####.#
..#....##.#.#ooo@o#.#.#..#####.##
..#.....'.#.#oo.Iooo#............
........###.#######.####.#####.##
........#.....'.#.....#.....##.##
#.......###.###.###'###..##.##.##
........# #.....##..# #..##.##.##
.######.# #...####.## #..##.##.##
.....##.# #...####.####..##.##.##
.....##.# #...#......##..##.##.##


You could see the friendly Borgun the orc warlord, the friendly Marbork the orc
warlord, the friendly Zorug the orc warlord, friendly 2 orc knights, the
friendly Bogric the orc knight, the friendly Nordag the orc knight, the friendly
Ognian the orc knight, the friendly Ugrim the orc knight, the friendly Nergalle,
friendly 3 orc warriors, the friendly Dorog the orc warrior, the friendly Nordag
the orc warrior, friendly 2 orc sorcerers, the friendly Warbeogh the orc
sorcerer, a friendly crocodile, a friendly ice beast, a friendly orc priest, the
friendly Agrik the orc priest, a friendly orc wizard and friendly 2 orcs.

Vanquished Creatures
  the royal jelly (Slime:6)
  Dissolution (Slime:2)
  6 ancient liches (Zot:5)
  Boris (Vaults:5)
  2 Killer Klowns (Zot:5)
  3 golden dragons
  Frederick (Vaults:4)
  2 bone dragons
  2 Hell Sentinels
  Nikola (D:14)
  10 tentacled monstrosities
  19 Orb Guardians (Zot:5)
  5 shadow dragons
  19 acid blobs
  4 sphinxes
  3 storm dragons
  2 draconian monks
  Frances (Snake:2)
  Aizul (D:17)
  Ilsuiw (Shoals:3)
  3 frost giants
  2 draconian zealots
  3 fire giants
  15 azure jellies
  2 ghost moths
  5 vault wardens
  4 draconian annihilators
  24 stone giants
  A draconian shifter (Zot:4)
  3 grey draconians
  2 green draconians
  2 draconian callers
  Jorgrun (D:17)
  7 black draconians
  4 deep elf annihilators (Elf:3)
  4 yellow draconians
  A green death (Elf:3)
  3 greater nagas (Snake:5)
  2 mottled draconians (Zot:1)
  4 white draconians
  4 deep elf sorcerers
  26 yaktaur captains
  4 red draconians
  4 pale draconians
  4 purple draconians
  2 deep elf death magi (Elf:3)
  A deep elf master archer (Elf:3)
  2 reapers
  A blizzard demon (Vaults:3)
  3 ettins
  5 ironheart preservers
  A lorocyproca (Vaults:5)
  2 dragons
  A minotaur (Lab)
  4 vault guards
  9 death oozes
  5 great orbs of eyes
  A siren (Shoals:3)
  Fannar (Lair:2)
  5 death cobs
  A merfolk aquamancer (Shoals:5)
  3 merfolk javelineers
  5 hydras
  4 ravenous feature mimics
  2 ravenous item mimics
  10 ogre magi
  10 ice dragons
  6 deep elf demonologists
  2 anacondas (Snake:1)
  A sphinx zombie (Vaults:2)
  4 wolf spider zombies
  A death yak (shapeshifter) (Vaults:3)
  2 merfolk impalers
  3 deep elf high priests (Elf:3)
  2 frost giant zombies (Vaults:3)
  A deep troll earth mage (D:25)
  A deep troll shaman (D:23)
  13 dancing weapons (Blade)
  2 death yaks
  3 stone giant zombies
  3 orc high priests
  4 very ugly things
  8 deep trolls
  Urug (D:11)
  A soul eater (Vaults:3)
  4 stone giant skeletons
  A frost giant skeleton (Vaults:4)
  An ice devil (Elf:3)
  An unseen horror (shapeshifter) (D:26)
  2 sun demons
  8 skeletal warriors
  17 centaur warriors
  6 hell knights (D:26)
  14 deep elf knights
  A shadow wraith (D:22)
  2 large abominations
  4 unseen horrors
  7 flayed ghosts
  11 naga warriors
  3 iron trolls
  A giant orange brain (Slime:3)
  An iron troll zombie (D:19)
  2 ice statues
  3 sea snakes
  A giant orange brain (shapeshifter) (D:22)
  15 harpies
  Pikel (D:9)
  11 hill giants
  A crystal golem (Vaults:4)
  8 ironbrand convokers
  6 shining eyes
  10 orc knights
  10 giant amoebae
  A necromancer (D:24)
  A wolf spider (shapeshifter) (Vaults:5)
  The ghost of ababab the Jinx, an experienced FeEn of Vehumet (Lair:1)
  4 oklob plants
  A wizard (D:17)
  2 spiny worms
  3 orc sorcerers
  9 cyclopes
  2 guardian serpents
  4 red wasps
  18 moths of wrath
  10 vault sentinels
  A guardian serpent (shapeshifter) (Elf:3)
  3 griffons
  A shining eye (shapeshifter) (Vaults:5)
  A harpy (shapeshifter) (D:21)
  A phantasmal warrior (Vaults:5)
  A moth of wrath (shapeshifter) (Vaults:5)
  5 wolf spiders
  6 sixfirhies
  2 red wasp zombies
  An ettin zombie (Vaults:1)
  A fire giant simulacrum (D:19)
  2 feature mimics
  2 black mambas (shapeshifter)
  2 griffon zombies
  3 spiny frogs
  17 black mambas
  51 slime creatures
  A dragon skeleton (D:19)
  An elephant (Lair:8)
  4 ettin skeletons
  53 yaktaurs
  A yaktaur (shapeshifter) (D:26)
  A griffon skeleton (D:17)
  12 naga magi
  A tormentor (Zot:5)
  2 orange demons
  2 iron devils
  A hill giant zombie (D:12)
  2 eyes of devastation
  2 hellwings (Vaults:3)
  78 ugly things
  5 mermaids
  2 guardian mummies
  6 trolls
  3 komodo dragons
  A hell beast (D:5)
  2 polar bears (Lair:8)
  3 deep troll zombies
  10 blink frogs
  28 yaks
  20 two-headed ogres
  A fire crab zombie (Vaults:2)
  2 smoke demons
  4 snapping turtles
  A basilisk (shapeshifter) (D:27)
  A jumping spider (shapeshifter) (D:23)
  A wyvern (shapeshifter) (Vaults:3)
  2 brown oozes (shapeshifter)
  15 brown oozes
  7 grizzly bears (Lair:8)
  2 deep dwarf scions (D:17)
  4 basilisks
  A tarantella (Vaults:4)
  3 chaos spawn
  A tarantella (shapeshifter) (Vaults:4)
  3 wyverns
  A shark (Shoals:2)
  2 blue devils
  8 golden eyes
  A blink frog skeleton (D:12)
  Eustachio (D:6)
  3 hungry ghosts
  A fire drake (Lair:8)
  A yak (shapeshifter) (Vaults:3)
  A clay golem (D:21)
  16 merfolk
  5 water elementals (Shoals:3)
  A ynoxinul (Vaults:2)
  8 war dogs
  A trapdoor spider (shapeshifter) (Vaults:2)
  17 deep elf fighters
  6 redbacks
  12 hippogriffs
  2 rock worms
  3 wraiths
  9 deep elf conjurers
  7 manticores
  2 yaktaur zombies
  A trapdoor spider (D:13)
  2 neqoxecs
  Edmund (D:4)
  A manticore (shapeshifter) (D:26)
  23 vampire mosquitoes
  12 deep elf summoners
  2 boulder beetles
  2 mottled dragons
  2 soldier ants (D:15)
  6 hell hounds
  10 deep elf priests
  4 deep dwarves (D:17)
  A necrophage (D:24)
  7 freezing wraiths
  5 red devils
  41 ogres
  A phantom (D:4)
  10 ice beasts
  14 orc warriors
  A black bear (Lair:8)
  A black bear (shapeshifter) (D:26)
  A cyclops skeleton (D:12)
  A small abomination (Zot:4)
  11 giant goldfish
  A hippogriff zombie (D:11)
  70 nagas
  2 yellow wasps
  A deep dwarf (shapeshifter) (D:26)
  3 boring beetles
  A slave (D:9)
  3 wolves
  A brain worm (D:16)
  12 deep elf magi
  12 crocodiles
  4 big kobolds
  9 wargs
  19 centaurs
  7 giant slugs
  An elf zombie (D:22)
  A silver statue (Zot:5)
  3 orc zombies
  A giant frog skeleton (D:5)
  5 agate snails
  22 water moccasins
  5 giant frogs
  4 eyes of draining
  An eye of draining (shapeshifter) (D:26)
  7 jellyfish
  25 killer bees
  4 wights (D:13)
  A vampire bat (D:11)
  A mottled dragon zombie (Vaults:2)
  8 hounds
  7 crimson imps
  8 iguanas
  5 spiders (D:14)
  3 quasits
  11 worker ants
  11 orc wizards
  17 orc priests
  A scorpion (D:6)
  32 deep elf soldiers
  3 goliath beetles
  A worker ant zombie (D:8)
  5 porcupines
  Ijyb (D:2)
  2 spectral orcs (Vaults:1)
  9 sheep
  8 jellies
  A mummy (D:14)
  29 adders
  5 gnolls
  8 green rats
  2 lemures (Vaults:3)
  3 giant mites
  7 giant centipedes
  2 iguana skeletons
  3 white imps
  2 worms
  18 ufetubi
  2 spectral bats (D:11)
  3 bat skeletons (D:11)
  A bat zombie (D:11)
  7 giant eyeballs
  6 oozes
  44 orcs
  25 bats
  3 fire bats (D:11)
  6 giant cockroaches
  22 hobgoblins
  17 jackals
  12 quokkas
  A bat simulacrum (D:11)
  9 giant geckos
  3 giant newts (D:2)
  3 giant spores
  11 goblins
  32 kobolds
  An orc skeleton (D:6)
  18 rats
  7 ballistomycetes
  4 crawling corpses
  4 fungi
  18 plants
  14 toadstools (D:1)
1931 creatures vanquished.

Vanquished Creatures (collateral kills)
  5 orbs of fire
  Saint Roka (Vaults:1)
  Boris (D:27)
  A Killer Klown (Zot:5)
  2 electric golems (Zot:5)
  A tentacled monstrosity (D:27)
  2 deep elf blademasters (Elf:3)
  6 Orb Guardians (Zot:5)
  A quicksilver dragon (Vaults:5)
  3 acid blobs
  5 shadow dragons
  2 storm dragons
  A titan (D:26)
  2 sphinxes
  Polyphemus (Shoals:3)
  Agnes (D:16)
  3 vault wardens (Vaults:5)
  2 draconian scorchers (Zot:2)
  An iron dragon (Vaults:5)
  3 frost giants
  Wiglaf (D:17)
  Louise (Elf:2)
  Maud (Snake:1)
  Gastronok (D:9)
  3 azure jellies
  A draconian shifter (Zot:1)
  A fire giant (D:27)
  23 stone giants
  2 green draconians
  A grey draconian (Zot:4)
  6 greater nagas (Snake:5)
  The ghost of mopl the Unseen, a powerful SpEn of Ashenzari (Orc:4)
  A pale draconian (Zot:4)
  A yellow draconian (Zot:4)
  A green death (Elf:3)
  8 deep elf death magi
  4 red draconians
  A black draconian (Zot:5)
  2 purple draconians
  3 deep elf sorcerers
  6 deep elf annihilators (Elf:3)
  A white draconian (Zot:5)
  4 ettins
  2 death oozes (Slime:6)
  A storm dragon zombie (D:24)
  25 vault guards
  15 yaktaur captains
  A great orb of eyes (Vaults:4)
  5 dragons
  4 sirens
  9 orc knights
  6 merfolk aquamancers (Shoals:5)
  3 death cobs
  Harold (Lair:5)
  6 ironheart preservers
  4 ice dragons
  A ravenous feature mimic (D:25)
  A hydra (Lair:8)
  3 ogre magi
  Nessos (D:13)
  4 anacondas
  6 dancing weapons (Blade)
  2 merfolk impalers
  2 deep troll earth magi (D:23)
  3 deep elf demonologists (Elf:3)
  3 death yaks
  3 deep troll shamans
  A sphinx zombie (D:17)
  A shadow dragon skeleton (D:24)
  5 deep trolls
  An orc high priest (Orc:4)
  3 stone giant zombies
  7 centaur warriors
  2 fire giant skeletons
  A catoblepas (Lair:8)
  13 slime creatures
  8 stone giant skeletons
  A sun demon (Elf:3)
  8 skeletal warriors
  2 soul eaters
  3 iron trolls
  A frost giant skeleton (D:22)
  A flayed ghost (Vaults:4)
  5 sea snakes
  4 deep elf knights
  5 ice devils
  21 naga warriors
  A shadow demon (D:19)
  2 large abominations (Zot:4)
  An unseen horror (D:15)
  A wizard (Vaults:3)
  A giant amoeba (shapeshifter) (Vaults:5)
  3 giant amoebae
  4 harpies (Shoals:5)
  9 hill giants
  7 ironbrand convokers
  A fire crab (Vaults:2)
  4 spiny worms
  A lindwurm (Lair:5)
  4 guardian serpents (Snake:5)
  3 phantasmal warriors
  A cyclops (Shoals:5)
  3 moths of wrath
  4 deep dwarf berserkers (D:17)
  5 vault sentinels
  2 iron troll skeletons
  2 wolf spiders
  5 orc sorcerers
  2 red wasps
  8 griffons
  An ice dragon zombie (D:14)
  5 sixfirhies
  2 elephant slugs
  A spiny frog (shapeshifter) (D:17)
  2 ettin zombies
  9 black mambas
  3 orange demons
  2 dragon skeletons (D:17)
  2 elephants (Lair:8)
  3 hellwings
  A black mamba (shapeshifter) (D:17)
  2 ettin skeletons
  A feature mimic (Lair:3)
  23 yaktaurs
  Psyche (Orc:4)
  3 mermaids
  11 spiny frogs
  26 ugly things
  7 naga magi
  The ghost of ababab the Vexing, an experienced FeEn (D:7)
  A spriggan (shapeshifter) (Vaults:5)
  8 two-headed ogres
  Sonja (D:11)
  5 komodo dragons
  4 polar bears (Lair:8)
  An iron devil (D:19)
  5 trolls
  An agate snail zombie (D:20)
  3 smoke demons
  4 snapping turtles
  8 blink frogs
  2 small abominations (Elf:3)
  2 brown oozes (Slime:1)
  A raven (shapeshifter) (D:23)
  4 deep dwarf scions (D:17)
  A jumping spider (Vaults:4)
  3 basilisks
  2 human zombies (Vaults:2)
  5 hippogriffs
  4 grizzly bears (Lair:8)
  2 blue devils
  4 wraiths
  6 merfolk
  4 sharks
  39 yaks
  A wyvern (D:14)
  6 deep elf conjurers
  Grum (D:9)
  4 chaos spawn
  13 vampire mosquitoes
  3 neqoxecs
  A redback (D:24)
  11 water elementals (Shoals:3)
  2 deep elf summoners
  A fire drake (Lair:7)
  A boulder beetle (D:26)
  5 deep elf fighters
  A trapdoor spider (shapeshifter) (Vaults:5)
  2 yaktaur zombies
  A hippogriff (shapeshifter) (Vaults:5)
  2 hungry ghosts (D:12)
  A mottled dragon (Vaults:2)
  A necrophage (D:14)
  A cyclops zombie (D:12)
  13 war dogs
  5 deep elf priests
  A yaktaur skeleton (D:21)
  9 ice beasts
  3 black bears (Lair:8)
  A yellow wasp (Lair:4)
  A soldier ant (D:11)
  2 red devils (Elf:3)
  8 manticores
  4 freezing wraiths
  4 giant goldfish
  4 orc warriors
  2 boulder beetle zombies
  3 hell hounds
  16 ogres
  A cyclops skeleton (D:17)
  3 deep dwarves (D:17)
  A sky beast (D:10)
  2 slaves (D:9)
  57 nagas
  3 boring beetles
  A wolf (D:18)
  7 wargs
  2 big kobolds
  9 water moccasins
  5 crocodiles
  13 centaurs
  8 giant frogs
  4 rotting devils (Elf:3)
  4 deep elf magi
  6 giant slugs
  An agate snail (shapeshifter) (D:26)
  4 agate snails
  A cyclops simulacrum (D:17)
  3 eyes of draining
  4 jellyfish
  A pulsating lump (shapeshifter) (D:26)
  6 killer bees
  2 goliath beetles
  11 crimson imps
  A big kobold skeleton (D:13)
  8 orc priests
  A shadow (D:11)
  A big fish (D:24)
  2 spiders (D:14)
  A quasit (Elf:3)
  A hound (D:10)
  An iron imp (Elf:3)
  3 iguanas
  2 scorpions
  7 deep elf soldiers
  2 worker ants
  4 orc wizards
  2 porcupines
  8 sheep
  A mottled dragon simulacrum (D:14)
  9 jellies
  Terence (D:2)
  A mummy (D:14)
  10 adders
  4 green rats
  An elf zombie (Vaults:2)
  A giant centipede (Lair:5)
  2 gnolls (D:9)
  A lemure (Elf:3)
  5 orc zombies
  4 shadow imps
  A giant centipede zombie (D:10)
  2 giant mites (Lair:5)
  2 white imps
  2 worms
  6 ufetubi
  A grey rat (D:9)
  A giant eyeball (Snake:3)
  A giant gecko (Lair:2)
  20 orcs
  A ball python (Snake:4)
  8 goblins
  4 hobgoblins
  8 bats
  8 jackals
  8 kobolds
  4 quokkas
  A quokka zombie (D:5)
  2 rats
  3 ballistomycetes
  4 crawling corpses
  6 fungi
  2 macabre masses
  11 plants
1105 creatures vanquished.

Vanquished Creatures (others)
  An electric golem (Zot:2)
  A shadow dragon (Vaults:5)
  A storm dragon (D:24)
  4 orc warlords
  A stone giant (D:24)
  A merfolk aquamancer (Shoals:5)
  A hydra (D:17)
  A wolf spider zombie (D:22)
  An orc high priest (Vaults:5)
  30 orc knights
  A slime creature (D:15)
  A deep elf knight (Elf:1)
  A yellow draconian zombie (Zot:4)
  A red wasp (shapeshifter) (Vaults:5)
  A necromancer (D:17)
  2 orc sorcerers
  2 sixfirhies
  A wizard (D:6)
  31 orc warriors
  A black mamba (Snake:5)
  A griffon skeleton (D:14)
  An orange demon (Vaults:5)
  A hellwing (Zot:1)
  An ugly thing (D:16)
  A komodo dragon (Lair:8)
  A smoke demon (Vaults:5)
  A merfolk zombie (Shoals:3)
  2 yaks (Lair:8)
  3 deep elf fighters
  A human zombie (Vaults:5)
  A neqoxec (Elf:3)
  A manticore zombie (Shoals:3)
  A black bear (Lair:8)
  25 orc wizards
  A red devil (Zot:1)
  An ogre (D:24)
  An ice beast (Zot:5)
  A slave (D:9)
  2 nagas
  A water moccasin zombie (D:9)
  A hound (Vaults:5)
  32 orc priests
  4 deep elf soldiers
  3 orc zombies (Orc:4)
  An adder (Lair:7)
  A shadow imp (Zot:5)
  An ufetubus (Elf:2)
  145 orcs
  2 jackals
  2 giant spores
  A rat (D:4)
  A ballistomycete (D:14)
  5 plants
  29 toadstools (D:1)
360 creatures vanquished.

Grand Total: 3396 creatures vanquished

Notes
Turn   | Place    | Note
--------------------------------------------------------------
     0 | D:1      | CodaKJazz, the Hill Orc Priest, began the quest for the Orb.
     0 | D:1      | Reached XP level 1. HP: 17/17 MP: 3/3
   382 | D:1      | Acquired Beogh's second power
   382 | D:1      | Reached XP level 2. HP: 24/24 MP: 5/5
   805 | D:1      | Reached skill level 1 in Throwing
  1058 | D:2      | Noticed Terence
  1175 | D:1      | Reached XP level 3. HP: 23/30 MP: 7/7
  1580 | D:2      | Noticed Ijyb
  1656 | D:1      | Reached skill level 5 in Axes
  1803 | D:2      | Found a blossoming altar of Fedhas.
  1934 | D:2      | Reached XP level 4. HP: 37/37 MP: 9/9
  2335 | D:3      | Reached skill level 1 in Armour
  2388 | D:3      | Reached XP level 5. HP: 35/44 MP: 7/11
  2893 | D:3      | Reached skill level 1 in Dodging
  2932 | D:4      | Noticed a phantom
  3062 | D:4      | Noticed an ogre
  3665 | D:3      | Reached skill level 1 in Shields
  3993 | D:4      | Reached XP level 6. HP: 51/51 MP: 13/13
  4240 | D:4      | Acquired Beogh's third power
  4284 | D:4      | Noticed Edmund
  4865 | D:5      | Entered Level 5 of the Dungeon
  5017 | D:4      | Killed Edmund
  5017 | D:4      | Reached skill level 5 in Fighting
  5022 | D:4      | Killed a phantom
  5153 | D:5      | Reached XP level 7. HP: 52/58 MP: 15/15
  5252 | D:5      | Found Smarik's Assorted Antiques.
  5252 | D:5      | Found a staircase to the Ecumenical Temple.
  5263 | D:5      | Bought 3 scrolls of identify for 150 gold pieces
  5264 | D:5      | Bought a scroll labeled SCHECE SISIEN for 25 gold pieces
  5381 | D:2      | Killed Terence
  5703 | D:2      | Killed Ijyb
  5727 | D:4      | Killed an ogre
  6181 | D:5      | Found a shattered altar of Ashenzari.
  6282 | D:5      | Reached skill level 7 in Axes
  6414 | D:6      | Reached XP level 8. HP: 31/66 MP: 17/17
  6579 | D:6      | Noticed Eustachio
  6591 | D:6      | Killed Eustachio
  7094 | D:6      | Gained Margrim as an ally
  7413 | D:6      | Found a bloodstained altar of Trog.
  7418 | D:6      | Noticed a terrified wizard
  7424 | D:6      | Killed a terrified wizard
  7703 | D:7      | Noticed ababab's ghost (experienced FeEn)
  7709 | D:7      | Killed ababab's ghost
  7709 | D:7      | Reached skill level 8 in Axes
  7996 | D:7      | Gained Alork as an ally
  8020 | D:7      | Reached XP level 9. HP: 52/73 MP: 18/18
  8023 | D:7      | Acquired Beogh's fourth power
  8023 | D:7      | Reached skill level 9 in Axes
  8357 | D:8      | Your ally Margrim died
  8367 | D:8      | Reached skill level 10 in Axes
  8606 | D:8      | Found a staircase to the Lair.
  8856 | D:8      | Gained Borgun as an ally
  8856 | D:8      | Reached skill level 11 in Axes
  8926 | D:5      | Bought a pink potion {tried by monster} for 22 gold pieces
  8926 | D:5      | Bought 2 purple potions for 45 gold pieces
  8926 | D:5      | Bought a glowing red potion for 22 gold pieces
  8926 | D:5      | Bought a scroll of identify for 50 gold pieces
  8992 | D:8      | Found a blossoming altar of Fedhas.
  9088 | D:9      | Found a staircase to the Orcish Mines.
  9106 | D:9      | Noticed Pikel
  9116 | D:9      | Killed Pikel
  9132 | D:9      | Noticed Gastronok
  9143 | D:9      | Noticed Grum
  9214 | D:8      | Found a snail-covered altar of Cheibriados.
  9248 | D:9      | Found a white marble altar of Elyvilon.
  9281 | D:9      | Reached XP level 10. HP: 77/83 MP: 20/20
  9331 | D:9      | Reached skill level 12 in Axes
  9343 | D:9      | Killed Grum
  9698 | D:10     | Entered Level 10 of the Dungeon
  9874 | D:10     | Noticed a hill giant
  9894 | D:10     | Killed a hill giant
  9894 | D:10     | Reached skill level 13 in Axes
 10122 | D:10     | Learned a level 2 spell: Fire Brand
 10125 | D:10     | Learned a level 2 spell: Freezing Aura
 10278 | Lair:1   | Entered Level 1 of the Lair of Beasts
 10353 | Lair:1   | Reached skill level 10 in Fighting
 10397 | Lair:1   | Reached skill level 14 in Axes
 10490 | Lair:1   | Got a blackened scale mail
 10512 | Lair:1   | Identified the +6 scale mail "Xeos" {+Inv Stlth++} (You found it on level 1 of the Lair of Beasts)
 10742 | Lair:1   | Noticed ababab's ghost (experienced FeEn)
 10746 | Lair:1   | Killed ababab's ghost
 10746 | Lair:1   | Reached skill level 5 in Armour
 10746 | Lair:1   | Reached XP level 11. HP: 87/93 MP: 20/21
 11187 | Lair:2   | Noticed Fannar
 11199 | Lair:2   | Killed Fannar
 11246 | Lair:2   | Noticed an eight-headed hydra
 11259 | Lair:2   | Killed a 11-headed hydra
 11549 | Lair:2   | Found a white marble altar of Elyvilon.
 11811 | Lair:2   | Reached skill level 5 in Dodging
 12524 | D:11     | Noticed Sonja
 12534 | D:11     | Killed Sonja
 12686 | D:11     | Noticed a hill giant
 12706 | D:11     | Killed a hill giant
 12733 | D:11     | Noticed Urug
 12820 | D:11     | Noticed a hill giant
 12831 | D:11     | Killed a hill giant
 12980 | Lair:1   | Reached skill level 5 in Throwing
 13457 | Lair:3   | Gained Bogmar as an ally
 13559 | Lair:3   | Found a glowing golden altar of the Shining One.
 13560 | Lair:3   | Found a glowing silver altar of Zin.
 13561 | Lair:3   | Found a white marble altar of Elyvilon.
 13735 | Lair:3   | Learned a level 1 spell: Apportation
 13937 | Lair:4   | Reached XP level 12. HP: 79/103 MP: 23/23
 13994 | Lair:5   | Reached skill level 1 in Traps
 13997 | Lair:5   | Reached skill level 1 in Evocations
 14000 | Lair:4   | Paralysed by a yellow wasp for 3 turns
 14509 | Lair:6   | Acquired Beogh's fifth power
 15148 | Lair:3   | Noticed a naga warrior
 15446 | D:12     | Found Arhy's Antique Weapon Shoppe.
 15450 | D:12     | Bought an orcish blowgun for 76 gold pieces
 16969 | D:13     | Noticed a centaur warrior
 16978 | D:13     | Killed a centaur warrior
 17207 | D:13     | Noticed Nessos
 17559 | D:9      | Killed Gastronok
 17559 | D:9      | Reached XP level 13. HP: 101/115 MP: 23/25
 17623 | Orc:1    | Entered Level 1 of the Orcish Mines
 17991 | Orc:1    | Found Wuech's Armour Shoppe.
 17998 | Orc:1    | Gained Wargath as an ally
 18013 | Orc:1    | Gained Berold as an ally
 18020 | Orc:1    | Bought a +0 shield for 65 gold pieces
 18371 | Orc:2    | Reached skill level 5 in Shields
 18688 | Orc:4    | Entered Level 4 of the Orcish Mines
 18688 | Orc:4    | Found a staircase to the Elven Halls.
 18715 | Orc:4    | Found a labyrinth entrance.
 18733 | Lab      | Entered a labyrinth
 19115 | Lab      | Noticed a minotaur
 19129 | Lab      | Killed a minotaur
 19131 | Lab      | Got a black book
 19190 | Orc:4    | Identified Plilumos' Incunabulum of Feathery Confrontation (You found it in a labyrinth)
 19279 | Orc:4    | Found Gualois' Antique Weapon Boutique.
 19284 | Orc:4    | Bought a glowing war axe for 104 gold pieces
 19636 | Orc:4    | Gained Brunolf as an ally
 19645 | Orc:4    | Gained Argrim as an ally
 19674 | Orc:4    | Noticed Psyche
 19679 | Orc:4    | Killed Psyche
 19702 | Orc:4    | Noticed mopl's ghost (powerful SpEn)
 19713 | Orc:4    | Was placed under penance by Beogh
 19735 | Orc:4    | Your ally Argrim died
 19755 | Elf:1    | Entered Level 1 of the Elven Halls
 19833 | Orc:4    | Killed mopl's ghost
 20223 | D:13     | Was forgiven by Beogh
 20238 | D:14     | Entered Level 14 of the Dungeon
 20332 | D:14     | Noticed Nikola
 20347 | D:14     | Killed Nikola
 20347 | D:14     | Gained Zorug as an ally
 20516 | D:14     | Reached skill level 15 in Axes
 20541 | D:14     | Found a deep blue altar of Sif Muna.
 20723 | D:13     | Killed Nessos
 20723 | D:13     | Reached skill level 15 in Fighting
 20779 | D:13     | Noticed a glowing angel
 20780 | D:13     | Found a glowing silver altar of Zin.
 20961 | D:14     | Your ally Berold died
 20971 | D:14     | Reached skill level 10 in Shields
 21006 | D:15     | Entered Level 15 of the Dungeon
 21147 | D:15     | Your ally Zorug died
 21229 | D:15     | Reached XP level 14. HP: 44/125 MP: 27/27
 21910 | Orc:2    | Found a roughly hewn altar of Beogh.
 22105 | Orc:4    | Gained Borgoth as an ally
 22113 | Orc:4    | Your ally Borgoth died
 22122 | Orc:4    | Your ally Brunolf died
 22311 | Orc:4    | Reached skill level 16 in Axes
 22325 | Orc:4    | Found Anuesakh's Magic Scroll Boutique.
 22337 | Orc:4    | Found Gamauph's Food Emporium.
 22340 | Orc:4    | Found Thaxegeo's Food Emporium.
 22342 | Orc:4    | Found Othoosm's Armour Boutique.
 22390 | Orc:4    | Bought a scroll of fog for 28 gold pieces
 22390 | Orc:4    | Bought a scroll of fog for 28 gold pieces
 22390 | Orc:4    | Bought a scroll of recharging for 77 gold pieces
 22390 | Orc:4    | Bought a scroll of identify for 28 gold pieces
 22390 | Orc:4    | Bought a scroll of identify for 28 gold pieces
 22390 | Orc:4    | Bought a scroll of identify for 28 gold pieces
 22401 | Orc:4    | Bought a scroll of teleportation for 42 gold pieces
 22401 | Orc:4    | Bought a scroll of teleportation for 42 gold pieces
 22401 | Orc:4    | Bought a scroll of enchant weapon II for 77 gold pieces
 22705 | D:9      | Learned a level 1 spell: Summon Butterflies
 23874 | D:16     | Reached skill level 5 in Evocations
 23918 | D:16     | Noticed Agnes
 23947 | D:16     | Killed Agnes
 23947 | D:16     | Gained Bogdar as an ally
 23976 | D:16     | Noticed a five-headed hydra
 23985 | D:16     | Gained Gorbash as an ally
 23989 | D:16     | Killed a five-headed hydra
 24422 | D:16     | Got a scintillating lapis lazuli ring
 24571 | D:17     | Reached skill level 10 in Invocations
 24658 | D:17     | Gained Bogwald as an ally
 24671 | D:17     | Reached skill level 5 in Traps
 24713 | D:17     | Your ally Bogdar died
 24788 | D:17     | Reached XP level 15. HP: 60/135 MP: 29/29
 24872 | D:16     | Gained Ogrik as an ally
 24877 | D:16     | Your ally Wargath died
 25038 | D:17     | Found a staircase to the Vaults.
 25065 | D:17     | Gained Harm as an ally
 25153 | D:17     | Identified the ring "Kaaclusa" {rN+ MR Str+4 Stlth++} (You found it on level 16 of the Dungeon)
 25297 | D:11     | Killed Urug
 25785 | Lair:3   | Killed a naga warrior
 25807 | Lair:3   | Found a staircase to the Snake Pit.
 26294 | Lair:5   | Gained Arbolt as an ally
 26759 | Lair:7   | Found an ancient bone altar of Kikubaaqudgha.
 26791 | Lair:7   | Gained Ugrim as an ally
 26827 | Lair:8   | Entered Level 8 of the Lair of Beasts
 27010 | Lair:7   | Found a staircase to the Slime Pits.
 27737 | Lair:8   | Got a glittering silver ring
 27755 | Lair:8   | Identified the ring "Ohadulurgh" {SustAb -Tele} (You found it on level 8 of the Lair of Beasts)
 28948 | Snake:1  | Entered Level 1 of the Snake Pit
 29139 | Snake:1  | Noticed Maud
 29146 | Snake:1  | Killed Maud
 29146 | Snake:1  | Reached skill level 17 in Fighting
 29192 | Snake:1  | Identified a scroll of acquirement
 29193 | Snake:1  | Got a brightly glowing broad axe
 29194 | Snake:1  | Identified the broad axe of Kiblaiv {freeze, rC+} (You acquired it on level 1 of the Snake Pit)
 29354 | Snake:1  | Reached XP level 16. HP: 109/146 MP: 31/31
 29807 | Snake:1  | Reached skill level 15 in Shields
 29964 | Snake:2  | Noticed Frances
 29974 | Snake:2  | Killed Frances
 30582 | Snake:3  | Paralysed by a giant eyeball for 3 turns
 30604 | Snake:3  | Gained Gorg as an ally
 32580 | Snake:4  | Found Toixuen's Food Emporium.
 32750 | Snake:5  | Entered Level 5 of the Snake Pit
 32898 | Snake:5  | Found Nufrib's Book Shoppe.
 32987 | Snake:5  | Your ally Bogwald died
 32990 | Snake:5  | Your ally Arbolt died
 33093 | Snake:5  | Found Hoynoy's Jewellery Shoppe.
 33101 | Snake:5  | Bought the amulet of Perfectionism {Cons +Fly rF+ MR Stlth++} for 585 gold pieces
 33108 | Snake:5  | Bought an uncursed amulet of resist corrosion for 240 gold pieces
 33108 | Snake:5  | Bought an uncursed ring of see invisible for 180 gold pieces
 33108 | Snake:5  | Bought an uncursed amulet of resist mutation for 480 gold pieces
 33685 | Snake:5  | Reached XP level 17. HP: 116/154 MP: 33/33
 33690 | Snake:5  | Got a serpentine rune of Zot
 33920 | Snake:5  | Gained Arbeogh as an ally
 34360 | Snake:5  | Reached skill level 15 in Invocations
 36639 | Lair:5   | Noticed Harold
 36649 | Lair:5   | Killed Harold
 36940 | Lair:5   | Found a staircase to the Shoals.
 38065 | D:17     | Noticed Jorgrun
 38080 | D:17     | Noticed Wiglaf
 38082 | D:17     | Killed Jorgrun
 38089 | D:17     | Your ally Gorg died
 38092 | D:17     | Killed Wiglaf
 39227 | D:18     | Found Ustup's Book Emporium.
 39364 | D:18     | Reached skill level 18 in Invocations
 39413 | D:19     | Reached XP level 18. HP: 152/162 MP: 36/36
 39658 | D:19     | Gained Ortolf as an ally
 39674 | D:19     | Your ally Ortolf died
 39680 | D:19     | Gained Morbeogh as an ally
 39681 | D:19     | Gained Nordag as an ally
 39761 | D:19     | Your ally Morbeogh died
 39800 | D:19     | Got a pitted chain mail
 39816 | D:19     | Identified the cursed +0 chain mail "Hero's Friend" {Str+3 Int+3} (You found it on level 19 of the Dungeon)
 39847 | D:19     | Gained Marbork as an ally
 40643 | D:20     | Entered Level 20 of the Dungeon
 40761 | D:18     | Bought a manual of Dodging for 1545 gold pieces
 41060 | D:20     | Found Iban's Jewellery Boutique.
 41063 | D:20     | Found Khigh's General Store.
 41216 | D:20     | Noticed a sphinx
 41233 | D:20     | Killed a sphinx
 41602 | D:21     | Gained Olfrun as an ally
 41607 | D:21     | Your ally Olfrun died
 41723 | D:21     | Found a gateway to Hell.
 41783 | D:21     | Found a one-way gate leading to the halls of Pandemonium.
 41863 | D:21     | Found a flickering gateway to a bazaar.
 41877 | Bazaar   | Entered a bazaar
 41884 | Bazaar   | Found Trigeunn's Book Shop.
 41896 | Bazaar   | Found Niapt's Jewellery Shop.
 42149 | D:21     | Reached skill level 10 in Dodging
 42265 | D:21     | Reached skill level 19 in Invocations
 42869 | Orc:1    | Bought a +1 helmet for 109 gold pieces
 43517 | Elf:1    | Gained Worak as an ally
 43529 | Elf:1    | Gained Olfrun as an ally
 44051 | Elf:2    | Noticed Louise
 44144 | Elf:3    | Entered Level 3 of the Elven Halls
 44214 | Elf:3    | Found Thryah's Jewellery Shoppe.
 44333 | Elf:3    | Gained Wardok as an ally
 44706 | Elf:3    | Reached XP level 19. HP: 149/172 MP: 37/37
 45156 | Elf:3    | Gained Bogmar as an ally
 45179 | Elf:3    | Noticed a deep elf blademaster
 45179 | Elf:3    | Noticed a deep elf blademaster
 45185 | Elf:3    | Your ally Arbeogh died
 45192 | Elf:3    | Killed a deep elf blademaster
 45193 | Elf:3    | Killed a deep elf blademaster
 45207 | Elf:3    | Noticed a Brimstone Fiend
 45215 | Elf:3    | Your ally Harm died
 45218 | Elf:3    | Your ally Nordag died
 45218 | Elf:3    | Your ally Ugrim died
 45222 | Elf:3    | Your ally Gorbash died
 45223 | Elf:3    | Your ally Marbork died
 45223 | Elf:3    | Your ally Bogmar died
 45227 | Elf:3    | Your ally Wardok died
 45236 | Elf:3    | Your ally Bogmar died
 45246 | Elf:3    | Your ally Worak died
 46007 | Elf:3    | Gained Bolgrim as an ally
 46111 | Elf:3    | Got a sparkling book
 46135 | Elf:3    | Identified the Compendium of the Traveller (You found it on level 3 of the Elven Halls)
 46601 | Elf:2    | Killed Louise
 47125 | Vaults:1 | Entered Level 1 of the Vaults
 47446 | Vaults:1 | Noticed Saint Roka
 47503 | Vaults:1 | Noticed Nergalle
 47786 | Shoals:1 | Entered Level 1 of the Shoals
 49307 | Shoals:3 | Noticed Polyphemus
 49327 | Shoals:3 | Killed Polyphemus
 49330 | Shoals:3 | Your ally Bolgrim died
 49345 | Shoals:3 | Your ally Ogrik died
 49346 | Shoals:3 | Gained Ugrim as an ally
 49787 | Shoals:3 | Noticed Ilsuiw
 49843 | Shoals:3 | Killed Ilsuiw
 49843 | Shoals:3 | Reached XP level 20. HP: 147/183 MP: 38/38
 49960 | Shoals:4 | Gained Zorug as an ally
 50026 | Shoals:4 | Gained Wardok as an ally
 50117 | Shoals:5 | Entered Level 5 of the Shoals
 50169 | Shoals:5 | Reached skill level 20 in Invocations
 50430 | Shoals:5 | Gained Blodwig as an ally
 50705 | Shoals:5 | Got a barnacled rune of Zot
 50844 | Shoals:5 | Got a glistering book
 50845 | Shoals:5 | Identified Chowkeez's Compendium of the Mountains (You found it on level 5 of the Shoals)
 51651 | D:20     | Bought the ring "Ismanyloof" {rElec rN+ MP+9 SInv Curse} for 806 gold pieces
 52125 | D:22     | Paralysed by a red wasp for 2 turns
 52127 | D:22     | Gained Agrik as an ally
 52166 | D:22     | Gained Warbeogh as an ally
 52672 | D:23     | Gained Norbak as an ally
 53367 | D:23     | Found a glowing silver altar of Zin.
 53930 | D:24     | Gained Rocco as an ally
 54294 | D:24     | Your ally Rocco died
 54723 | D:24     | Reached XP level 21. HP: 154/194 MP: 39/39
 55296 | D:25     | Entered Level 25 of the Dungeon
 55852 | D:25     | Reached skill level 21 in Invocations
 55919 | D:25     | Found a one-way gate to the infinite horrors of the Abyss.
 56703 | D:25     | Your ally Olfrun died
 58138 | Vaults:1 | Noticed Aizul
 58232 | D:17     | Killed Aizul
 58965 | Vaults:1 | Gained Blodwig as an ally
 59319 | Vaults:1 | Killed Saint Roka
 59320 | Vaults:1 | Reached XP level 22. HP: 174/206 MP: 40/40
 59534 | Vaults:1 | Gained Nordag as an ally
 59655 | Vaults:1 | Gained Nordag as an ally
 60166 | Vaults:2 | Gained Ugbert as an ally
 60168 | Vaults:2 | Your ally Ugbert died
 60258 | Vaults:2 | Gained Nordag as an ally
 60311 | Vaults:2 | Reached skill level 22 in Invocations
 60760 | Vaults:2 | Found Gigasuuz's Antique Armour Emporium.
 61107 | Vaults:2 | Found Staraum's Book Emporium.
 61569 | Vaults:2 | Gained Ognian as an ally
 61985 | Vaults:3 | Found Primadam's Jewellery Shoppe.
 62453 | Vaults:3 | Gained Brandogh as an ally
 62579 | Vaults:3 | Your ally Nordag died
 62594 | Vaults:3 | Your ally Brandogh died
 63141 | Vaults:3 | Gained Bogric as an ally
 63329 | Vaults:4 | Reached XP level 23. HP: 217/217 MP: 41/41
 63482 | Vaults:4 | Found a staircase to the Hall of Blades.
 63535 | Vaults:4 | Gained Garbold as an ally
 64489 | Blade    | Entered the Hall of Blades
 64588 | Blade    | Reached skill level 23 in Invocations
 65313 | Vaults:5 | Entered Level 5 of the Vaults
 65332 | Vaults:5 | Noticed Frederick
 65533 | Vaults:4 | Killed Frederick
 65800 | Vaults:5 | Noticed Boris
 65814 | Vaults:5 | Killed Boris
 66544 | Vaults:5 | Your ally Blodwig died
 67128 | Vaults:5 | Reached skill level 24 in Invocations
 67213 | Vaults:5 | Reached XP level 24. HP: 142/231 MP: 42/42
 67571 | Vaults:5 | Got a steaming scale mail
 67590 | Vaults:5 | Identified the +5 scale mail of the Heron {Acc+4 Dam+4} (You found it on level 5 of the Vaults)
 67612 | Vaults:5 | Got a graven book
 67633 | Vaults:5 | Identified Sif Muna's Handbook of Creative Malediction (You found it on level 5 of the Vaults)
 67644 | Vaults:5 | Got a shimmering silver ring
 68070 | Vaults:5 | Noticed a golden dragon
 68097 | Vaults:5 | Killed a golden dragon
 68111 | Vaults:5 | Got a crude marble ring
 68114 | Vaults:5 | Identified the ring of Smoyrel {+Inv Int+2 Acc+3} (You found it on level 5 of the Vaults)
 68116 | Vaults:5 | Identified the cursed ring of Utroecuoq {EV-2 Str+3} (You found it on level 5 of the Vaults)
 68576 | Vaults:5 | Got a silver rune of Zot
 69876 | D:27     | Entered Level 27 of the Dungeon
 69876 | D:27     | Noticed Boris
 69886 | D:27     | Killed Boris
 70680 | D:27     | Learned a level 2 spell: Stoneskin
 70869 | D:27     | Reached skill level 25 in Invocations
 71022 | D:26     | Gained Dorog as an ally
 71350 | D:26     | Gained Wargrak as an ally
 71439 | D:26     | Reached XP level 25. HP: 142/243 MP: 43/43
 72804 | Vaults:2 | Bought the +2 pair of boots of the Assassin {+Inv Dex+3 Stlth++} for 1776 gold pieces
 72811 | Vaults:2 | Bought a pair of gloves for 44 gold pieces
 73502 | Vaults:2 | Gained Olfik as an ally
 73757 | Lair:1   | Learned a level 2 spell: Repel Missiles
 73760 | Lair:1   | Learned a level 2 spell: Shroud of Golubria
 73775 | Lair:1   | Learned a level 3 spell: Regeneration
 74269 | Slime:1  | Entered Level 1 of the Pits of Slime
 74276 | Slime:1  | Paralysed by a giant eyeball for 4 turns
 74909 | Slime:2  | Noticed Dissolution
 74933 | Slime:2  | Killed Dissolution
 74933 | Slime:2  | Reached skill level 26 in Invocations
 75584 | Slime:6  | Entered Level 6 of the Pits of Slime
 75986 | Slime:6  | Reached skill level 27 in Invocations
 76087 | Slime:6  | Reached XP level 26. HP: 255/255 MP: 45/45
 76103 | Slime:6  | Noticed the royal jelly
 76715 | Slime:6  | Killed the royal jelly
 77315 | Slime:6  | Got a slimy rune of Zot
 77363 | Slime:6  | Got a brightly glowing ivory ring
 77364 | Slime:6  | Identified the ring of Teskyllo {MR MP+9 Int+2 Dam+6} (You found it on level 6 of the Pits of Slime)
 77371 | Slime:6  | Got a faintly humming shield
 77384 | Slime:6  | Paralysed by a giant eyeball for 4 turns
 77388 | Slime:6  | Identified the cursed -7 shield of Indemnity {rF+ Dex-1 Dam+6} (You found it on level 6 of the Pits of Slime)
 77390 | Slime:6  | Paralysed by a giant eyeball for 4 turns
 77397 | Slime:6  | Paralysed by a giant eyeball for 3 turns
 77403 | Slime:6  | Paralysed by a giant eyeball for 2 turns
 77460 | Slime:6  | Got a heavily runed splint mail
 77465 | Slime:6  | Paralysed by a giant eyeball for 3 turns
 77478 | Slime:6  | Paralysed by a giant eyeball for 3 turns
 77481 | Slime:6  | Identified the cursed -4 splint mail of Myugeu {rElec Dex+1} (You found it on level 6 of the Pits of Slime)
 78519 | Zot:1    | Entered Level 1 of the Realm of Zot
 78741 | Zot:1    | Got a twisted helmet
 78744 | Zot:1    | Identified the cursed -1 helmet of Spring {rC++ Str+3 Dex+3} (You found it on level 1 of the Realm of Zot)
 80193 | Zot:2    | Reached XP level 27. HP: 255/268 MP: 45/45
 80338 | Zot:5    | Entered Level 5 of the Realm of Zot
 80920 | Zot:4    | Noticed a golden dragon
 80951 | Zot:4    | Killed a golden dragon
 81239 | Zot:4    | Your ally Olfik died
 81240 | Zot:3    | Noticed an orb of fire
 81920 | Zot:3    | Gained Oreg as an ally
 82073 | Zot:3    | Your ally Oreg died
 82084 | Zot:3    | Killed an orb of fire
 82570 | Zot:2    | Noticed an orb of fire
 82578 | Zot:2    | Gained mutation: Your muscles are flexible, but weak (Str -1, Dex +1). [an orb of fire]
 82588 | Zot:2    | Your ally Garbold died
 82588 | Zot:2    | Killed an orb of fire
 82703 | Zot:2    | Got a steaming copper ring
 82893 | Zot:2    | Identified the ring of the Sky {Ice Int+5} (You found it on level 2 of the Realm of Zot)
 83910 | Zot:5    | Noticed a golden dragon
 83918 | Zot:5    | Killed a golden dragon
 83918 | Zot:5    | Reached skill level 15 in Dodging
 83932 | Zot:5    | Reached skill level 27 in Fighting
 83953 | Zot:5    | Noticed an ancient lich
 83978 | Zot:5    | Killed an ancient lich
 84073 | Zot:5    | Noticed an orb of fire
 84079 | Zot:5    | Gained mutation: You are frail (-10% HP). [an orb of fire]
 84085 | Zot:5    | Noticed a Killer Klown
 84090 | Zot:5    | Noticed an ancient lich
 84091 | Zot:5    | Killed an orb of fire
 84097 | Zot:5    | Noticed an ancient lich
 84111 | Zot:5    | Noticed an ancient lich
 84115 | Zot:5    | Killed an ancient lich
 84116 | Zot:5    | Killed an ancient lich
 84129 | Zot:5    | Killed an ancient lich
 84137 | Zot:5    | Your ally Blodwig died
 84142 | Zot:5    | Killed a Killer Klown
 84267 | Zot:5    | Noticed an orb of fire
 84270 | Zot:5    | Gained mutation: You are weak (Str -1). [an orb of fire]
 84280 | Zot:5    | Killed an orb of fire
 84406 | Zot:5    | Noticed a Killer Klown
 84410 | Zot:5    | Noticed an orb of fire
 84411 | Zot:5    | Gained mutation: You occasionally shout uncontrollably. [an orb of fire]
 84429 | Zot:5    | Killed a Killer Klown
 84432 | Zot:5    | Gained mutation: Your magical capacity is low (-10% MP). [an orb of fire]
 84436 | Zot:5    | Killed an orb of fire
 84446 | Zot:5    | Noticed an ancient lich
 84462 | Zot:5    | Killed an ancient lich
 84556 | Zot:5    | Gained Marbork as an ally
 84564 | Zot:5    | Noticed an ancient lich
 84569 | Zot:5    | Noticed a Killer Klown
 84574 | Zot:5    | Killed an ancient lich
 84593 | Zot:5    | Killed a Killer Klown
 85012 | Zot:5    | Got the Orb of Zot
 85460 | D:19     | Noticed Khoas the pandemonium lord
 85633 | D:13     | Lost mutation: You are frail (-10% HP). [potion of cure mutation]
 85633 | D:13     | Lost mutation: Your muscles are flexible, but weak (Str -1, Dex +1). [potion of cure mutation]
 85633 | D:13     | Lost mutation: You are weak (Str -1). [potion of cure mutation]
 85857 | D:3      | Noticed Meidghocs the pandemonium lord
 85942 | D:$      | Escaped with the Orb!

Action                   |  1- 3 |  4- 6 |  7- 9 | 10-12 | 13-15 | 16-18 | 19-21 | 22-24 | 25-27 || total
-------------------------+-------+-------+-------+-------+-------+-------+-------+-------+-------++-------
Melee: Hand axe          |    86 |   213 |   219 |   680 |   118 |       |       |       |       ||  1316
       Flail             |       |       |     2 |       |       |       |       |       |       ||     2
       War axe           |       |       |       |       |   826 |  1811 |  2054 |  2358 |  1846 ||  8895
       Broad axe         |       |       |       |       |       |    33 |       |       |    46 ||    79
 Fire: Blowgun           |       |       |    23 |    16 |     2 |     5 |       |       |       ||    46
       Sling             |       |       |     2 |       |       |       |       |       |       ||     2
Throw: Spear             |    17 |    16 |    13 |       |       |       |       |       |       ||    46
       Club              |    10 |     9 |       |       |       |       |       |       |       ||    19
       Dagger            |     6 |    13 |     4 |       |       |       |       |       |       ||    23
       Dart              |     9 |    18 |    14 |    49 |    11 |       |       |       |       ||   101
       Stone             |    10 |       |       |       |       |       |       |       |       ||    10
       Hand axe          |     4 |     6 |       |       |       |       |       |       |       ||    10
       Javelin           |       |       |     2 |    10 |     3 |    16 |    10 |    13 |    13 ||    67
       Throwing net      |       |       |       |     2 |       |       |       |       |       ||     2
Invok: Smiting           |     1 |     9 |     7 |    13 |    20 |     9 |    27 |    37 |    31 ||   154
       Recall Orcish Fol |       |       |     2 |    17 |    55 |    40 |    38 |    27 |    33 ||   212
       Stop recall       |       |       |       |     2 |    18 |    18 |     6 |    12 |    14 ||    70
 Abil: Evoke Flight      |       |       |       |       |       |       |     6 |       |     1 ||     7
Evoke: Wand              |       |       |       |    15 |     9 |    36 |    26 |    22 |    43 ||   151
       Miscellaneous     |       |       |       |       |       |       |       |     3 |     3 ||     6
  Use: Scroll            |     5 |     4 |    11 |    14 |    24 |    18 |     9 |    10 |    33 ||   128
       Potion            |       |     1 |     4 |     2 |     7 |     2 |    11 |     5 |    24 ||    56
 Stab: Distracted        |       |       |     1 |     4 |     5 |    10 |     8 |    12 |     6 ||    46
       Invisible         |       |       |       |       |     1 |       |       |       |       ||     1
       Sleeping          |       |       |       |       |       |     5 |       |     1 |    14 ||    20
       Fleeing           |       |       |       |       |       |       |       |     4 |     3 ||     7
       Paralysed         |       |       |       |       |       |       |       |       |     6 ||     6
